 Dungeon Crawl Stone Soup version 0.30-a0-760-g5a9884bb7c (webtiles) character file.

Game seed: 1379523221706713522

49 Leeroy the Slasher (level 3, -2/18 HPs)
             Began as a Vine Stalker Warper on Feb 11, 2023.
             Succumbed to a killer bee's poison
             ... on level 4 of the Dungeon.
             The game lasted 00:01:00 (1096 turns).

Leeroy the Slasher (Vine Stalker Warper)            Turns: 1096, Time: 00:01:01

Health: -2/18      AC:  3    Str: 13    XL:     3   Next: 75%
Magic:  0/7        EV: 11    Int: 13    God:
Gold:   38         SH:  0    Dex: 15    Spells: 1/6 levels left

rFire   . . .      SeeInvis .    a - +0 falchion
rCold   . . .      Faith    .    (no shield)
rNeg    . . .      Spirit   +    b - +0 leather armour
rPois   .          Reflect  .    (no helmet)
rElec   .          Harm     .    (no cloak)
rCorr   .          Rampage  .    (no gloves)
Will    .....                    (no boots)
Stlth   +                        i - amulet of regeneration
HPRegen 1.03/turn                e - +4 ring of slaying
MPRegen 0.10/turn                (no ring)

@: lethally poisoned (-2 -> -16)
A: fangs 2, magic shield, antimagic bite, no potion heal 2
a: no special abilities


You were on level 4 of the Dungeon.
You visited 1 branch of the dungeon, and saw 3 of its levels.

You collected 38 gold pieces.

Inventory:

Hand Weapons
 a - a +0 falchion (weapon)
Missiles
 d - 7 boomerangs of dispersal (quivered)
Armour
 b - a +0 leather armour (worn)
Jewellery
 e - a +4 ring of slaying (left hand)
 i - an amulet of regeneration (around neck)
Scrolls
 f - a scroll of vulnerability {unknown}
 g - a scroll of teleportation {unknown}
 h - 3 scrolls of identify {unknown}


   Skills:
 - Level 1.7 Fighting
 + Level 3.6 Long Blades
 - Level 0.8 Throwing
 - Level 0.7 Armour
 - Level 1.5 Dodging
 - Level 2.1 Spellcasting
 - Level 3.0 Translocations


You had one spell level left.
You knew the following spells:

 Your Spells              Type           Power      Damage    Failure   Level
a - Blink                 Tloc           18%        N/A       14%         2
b - Vhi's Electric Charg  Tloc/Air       10%        N/A       45%         3

Your spell library contained the following spells:

 Spells                   Type           Power      Damage    Failure   Level
 Lesser Beckoning         Tloc           18%        N/A       14%         2
 Teleport Other           Tloc           9%         N/A       28%         3
 Manifold Assault         Tloc           9%         N/A       67%         4


Dungeon Overview and Level Annotations

Branches:
Dungeon (2/15)

Altars:


Innate Abilities, Weirdness & Mutations

You have extremely sharp teeth.
When hurt, damage is shared between your health and your magic reserves.
Your bite disrupts and absorbs the magic of your enemies.
Potions cannot restore your health.


Message History

You kill the ball python!
You hit the endoplasm. Your bite misses the endoplasm.
The endoplasm is heavily wounded.
The endoplasm misses you.
You hit the endoplasm.
You kill the endoplasm!
No target in view!
Found a stone staircase leading up.
No target in view!
There is a stone staircase leading up here. 3 killer bees come into view.
Found a falchion.
The killer bee buzzes angrily. x3
The killer bee closely misses you. The killer bee barely misses you.
Okay, then.
You hit the killer bee.
The killer bee is lightly wounded.
The killer bee stings you.
You are poisoned.
The killer bee poisons you! The killer bee closely misses you.
The killer bee stings you.
You barely miss the killer bee. Your bite misses the killer bee.
The killer bee is lightly wounded.
You feel sick. The killer bee stings you.
A killer bee comes into view.
The killer bee stings you.
The killer bee attacks as you move away!
The killer bee stings you!
You are lethally poisoned!
The killer bee poisons you!
* * * LOW HITPOINT WARNING * * *
You feel very sick. The killer bee stings you.
* * * LOW HITPOINT WARNING * * *
You are more poisoned.
The killer bee poisons you!
Blink to where?
Press: ? - help, Dir - move target
As you read the scroll of blinking, it crumbles to dust.
You die...

######### #.......#
#####.#####.#
#########
........###.#
#.......#
#####....##.####.#####
# #.....#.#........#.#
#....##.#.##@###.#.#
#....<..#.##.......#
###.......######ยง###
#.#######y.yyy.# #+#
#.###### ##


There were no monsters in sight!

Vanquished Creatures
  An adder (D:4)
  3 dart slugs
  4 endoplasms
  A giant cockroach (D:1)
  4 goblins
  2 hobgoblins (D:1)
  2 quokkas
  6 ball pythons
  A bat (D:1)
  A frilled lizard (D:1)
  3 kobolds (D:1)
  4 rats
32 creatures vanquished.

Notes
Turn   | Place    | Note
-------+----------+-------------------------------------------
     0 | D:1      | Leeroy the Vine Stalker Warper began the quest for the Orb.
     0 | D:1      | Reached XP level 1. HP: 11/11 MP: 4/4
    53 | D:1      | Reached XP level 2. HP: 12/15 MP: 6/6
   473 | D:1      | Reached XP level 3. HP: 18/18 MP: 7/7
   476 | D:1      | Learned a level 2 spell: Blink
   480 | D:1      | Learned a level 3 spell: Vhi's Electric Charge
   994 | D:2      | You fall into a shaft and drop 2 floors!
  1091 | D:4      | Noticed a killer bee
  1091 | D:4      | Noticed a killer bee
  1091 | D:4      | Noticed a killer bee
  1094 | D:4      | Noticed a killer bee
  1096 | D:4      | Succumbed to a killer bee's poison

Illustrated notes

Levels and vault maps discovered:
D:1:      roderic_crossed_star, layout_basic
D:2:      layout_basic
D:4:      layout_loops_corners, mainiacjoe_overflow_six_doors_small,
          amethyst_overflow_temple_binary

Skill      XL: |  1  2 |
---------------+-------+-----
Long Blades    | 2 3 |  3.6
Fighting       | |  1.7
Throwing       | |  0.8
Armour         | |  0.7
Dodging        | |  1.5
Spellcasting   | |  2.1
Translocations | |  3.0

Action                     || total
---------------------------++-------
  Melee: Falchion          ||    51
         Bite              ||    15
    Use: Scroll            ||     1
 Armour: Leather armour    ||    10
  Dodge: Dodged            ||    19

Table legend: (Time is in decaauts)
 A = Elapsed time spent in this place.
 B = Non-inter-level travel time spent in this place.
 C = Inter-level travel time spent in this place.
 D = Time resting spent in this place.
 E = Time spent auto-exploring this place.
 F = Levels seen in this place.
 G = Mean time per level.
                   A        B        C        D        E       F      G
               +--------+--------+--------+--------+--------+-----+--------+
         Total |   1102 |   1055 |     47 |      0 |    876 |   3 |  367.3 |
       Dungeon |   1102 |   1055 |     47 |      0 |    876 |   3 |  367.3 |
               +--------+--------+--------+--------+--------+-----+--------+

Top non-repeatable levels by time:
     D:1: 804 daAuts
     D:2: 194 daAuts
     D:4: 102 daAuts
